 Dungeon Crawl Stone Soup version 0.21.1-1-g345015fe64 (webtiles) character file.

12653 Gunterle the Cleaver (level 12, -10/97 HPs)
             Began as a Formicid Abyssal Knight on July 20, 2018.
             Was a High Priest of Lugonu.
             Mangled by a two-headed ogre
             ... wielding a +0 giant club
              (16 damage)
             ... on level 11 of the Dungeon.
             The game lasted 01:15:19 (17351 turns).

Gunterle the Cleaver (Formicid Abyssal Knight)     Turns: 17351, Time: 01:15:20

Health: -10/97     AC: 12    Str: 21    XL:     12   Next: 22%
Magic:  19/19      EV: 10    Int: 13    God:    Lugonu [*****.]
Gold:   278        SH:  3    Dex: 10    Spells: 11/11 levels left

rFire    . . .     SeeInvis +   S - +5 war axe (freeze)
rCold    + . .     Gourm    +   I - +0 buckler (curse)
rNeg     . . .     Faith    .   g - +1 chain mail
rPois    .         Spirit   .   (helmet unavailable)
rElec    .         Reflect  .   Y - scarf {repulsion}
rCorr    .         Harm     .   (no gloves)
MR       +....                  (no boots)
Stlth    ..........             p - amulet of the gourmand
HPRegen  0.26/turn              d - +2 ring of evasion
MPRegen  0.16/turn              N - ring of protection from cold

@: repel missiles
A: permanent stasis, dig shafts and tunnels, four strong arms, antennae 3
a: Dig, Shaft Self, Depart the Abyss, Bend Space, Banish, Corrupt, Enter the
Abyss, Renounce Religion


You were on level 11 of the Dungeon.
You worshipped Lugonu.
Lugonu was extremely pleased with you.
You were completely stuffed.

You visited 1 branch of the dungeon, and saw 11 of its levels.
You visited the Abyss 1 time.
You also visited: Sewer.

You collected 551 gold pieces.
You spent 273 gold pieces at shops.

Inventory:

Hand Weapons
 k - a +0 scimitar of flaming
 n - a +0 broad axe of chopping
 q - a +0 hand crossbow
 Q - a cursed +3 halberd
 R - a +0 battleaxe of electrocution
 S - a +5 war axe of freezing (weapon)
Missiles
 a - 8 needles of paralysis
 i - 3 throwing nets
 u - 99 bolts
 D - 40 sling bullets
 E - 8 silver javelins
 K - 17 poisoned needles
 X - 3 javelins (quivered)
Armour
 g - a +1 chain mail (worn)
 B - a +0 troll leather armour
 I - a cursed +0 buckler (worn)
 Y - a scarf of repulsion (worn)
Magical Staves
 O - an uncursed staff of summoning {unknown}
 T - a cursed staff of fire {unknown}
 Z - an uncursed staff of cold {unknown}
Jewellery
 b - a +6 ring of intelligence
 d - a +2 ring of evasion (left hand)
 h - an uncursed amulet of faith
 p - an amulet of the gourmand (around neck)
 r - an uncursed ring of magical power
 w - a +2 ring of intelligence
 N - a ring of protection from cold (right hand)
Wands
 j - a wand of random effects (11)
 o - a wand of polymorph (31)
 L - a wand of paralysis (7)
 M - a wand of flame (55)
 P - a wand of iceblast (4)
 U - a wand of enslavement (12)
 V - a wand of disintegration (12)
Scrolls
 f - 2 scrolls of fear
 l - a scroll of summoning
 t - 3 scrolls of magic mapping
 v - 2 scrolls of remove curse
 y - 2 scrolls of fog
 F - 3 scrolls of immolation
 G - a scroll of identify
 H - 4 scrolls of enchant armour
 W - a scroll of torment
Potions
 e - 2 potions of brilliance
 m - 9 potions of curing
 s - a potion of might
 x - a potion of cancellation
 C - 2 potions of flight
Books
 A - a book of Conjurations

   Spells                             Type                      Level
   a - Magic Dart                     Conjuration                  1
   b - Searing Ray                    Conjuration                  2
   c - Dazzling Spray                 Conjuration/Hexes            3
   d - Fulminant Prism                Conjuration/Hexes            4
   e - Force Lance                    Conjuration/Translocation    4
   f - Iskenderun's Mystic Blast      Conjuration                  4
Comestibles
 c - 18 rations
 z - a chunk of flesh


   Skills:
 + Level 9.7 Fighting
 * Level 11.8 Axes
 - Level 2.5 Crossbows
 + Level 9.3 Armour
 - Level 0.8 Dodging
 + Level 1.0 Shields
 + Level 10.2 Invocations


You had 11 spell levels left.
You didn't know any spells.

Dungeon Overview and Level Annotations

Branches:
Dungeon (11/15)            Temple (0/1) D:4            Lair (0/6) D:10
    Orc (0/2) D:9

Altars:
Ashenzari
Dithmenos
Fedhas
Hepliaklqana
Makhleb
Okawaru
Qazlal
Ru
Trog
Uskayaw
Vehumet
Wu Jian
Xom
Yredelemnul
The Shining One

Shops:
D:10 (

Annotations:
D:2 1 runed door


Innate Abilities, Weirdness & Mutations

You cannot be hasted, slowed, berserked, paralysed or teleported.
You can dig through walls and to a lower floor.
Your four strong arms can wield two-handed weapons with a shield.
You have a pair of large antennae on your head. (SInv)


Message History

You slash the two-headed ogre! You freeze the two-headed ogre.
You slash the hippogriff! You freeze the hippogriff.
You kill the hippogriff!
Lugonu accepts your kill.
Your Shields skill increases to level 1!
You slash the two-headed ogre! You freeze the two-headed ogre.
The two-headed ogre hits you with a giant club!!
The two-headed ogre hits you with a giant club!
You slash the two-headed ogre! You freeze the two-headed ogre.
The two-headed ogre is almost dead.
The two-headed ogre hits you with a giant club!
* * * LOW HITPOINT WARNING * * *
The two-headed ogre hits you with a giant club!!
* * * LOW HITPOINT WARNING * * *
Okay, then.
Items here: ( ) ÷ † a short sword; a stone; a hippogriff corpse; a kobold skeleton You see here a stone.
The two-headed ogre hits you with a giant club!
You die...

####### ..... #..#####
#.<#.....##############..
#...y†......................
#.#...y.......@.............
#..............O..........#
..#.....................(.#
#....................[......#
#.#.#.................(.(...###
......................(.......
#. ..........(()......##.#.
..........(<(......# ...
..........†......#..#.


You could see a two-headed ogre.

Vanquished Creatures
  Erica (D:9)
  5 two-headed ogres
  Pikel (D:7)
  2 gargoyles
  Psyche (D:8)
  A centaur skeleton (D:10)
  A komodo dragon (D:10)
  2 trolls
  2 hippogriffs
  A yak (D:8)
  A wyvern (D:9)
  3 hogs
  A human (D:7)
  Grum (D:9)
  A steam dragon (D:8)
  2 orc warriors
  A phantom (D:11)
  2 ice beasts
  2 sky beasts
  A slave (D:7)
  2 black bears
  An eye of draining (D:10)
  A necrophage (D:10)
  3 ogres (D:4)
  4 wolves (D:9)
  3 centaurs
  A big kobold (D:11)
  6 bullfrogs
  A gnoll sergeant (D:9)
  A wyvern zombie (D:11)
  2 scorpions (D:11)
  A water moccasin skeleton (D:10)
  17 killer bees
  4 wights
  2 howler monkeys
  A bullfrog zombie (D:11)
  A crimson imp (D:10)
  A jelly (D:6)
  4 orc priests
  7 hounds
  A quasit (D:9)
  A gnoll shaman (D:9)
  8 orc wizards
  A bullfrog skeleton (D:7)
  Natasha (thrice) (D:3)
  3 iguanas
  7 worker ants
  A hound zombie (D:6)
  A hound skeleton (D:4)
  A worker ant zombie (D:6)
  11 adders
  9 gnolls (D:9)
  3 river rats (Sewer)
  A shadow imp (D:9)
  7 oozes
  3 adder skeletons
  4 worms
  3 dart slugs
  6 leopard geckos
  34 orcs
  6 bats
  7 giant cockroaches
  7 goblins
  9 hobgoblins
  6 jackals
  17 kobolds
  5 quokkas
  13 ball pythons
  11 frilled lizards
  A leopard gecko skeleton (D:6)
  A leopard gecko zombie (D:6)
  A quokka skeleton (D:4)
  2 quokka zombies (D:6)
  39 rats
  2 plants (D:10)
330 creatures vanquished.

Vanquished Creatures (others)
  A wizard (D:9)
  A slave (D:7)
  A centaur (D:7)
  2 plants
5 creatures vanquished.

Grand Total: 335 creatures vanquished

Notes
Turn   | Place    | Note
-------+----------+-------------------------------------------
     0 | Abyss:1  | Gunterle the Formicid Abyssal Knight began the quest for the Orb.
     0 | Abyss:1  | Reached XP level 1. HP: 18/18 MP: 2/2
   192 | Abyss:1  | Noticed a shadow dragon skeleton
   193 | D:1      | Escaped the Abyss
   390 | D:1      | Reached XP level 2. HP: 24/24 MP: 3/3
   586 | D:1      | Reached XP level 3. HP: 29/29 MP: 4/4
   656 | D:1      | Reached * piety under Lugonu
  1407 | D:1      | Reached skill level 3 in Axes
  1407 | D:1      | Reached XP level 4. HP: 21/37 MP: 6/6
  2043 | D:2      | Reached XP level 5. HP: 41/42 MP: 7/7
  2190 | D:2      | Reached ** piety under Lugonu
  2254 | D:2      | Found a runed door.
  2531 | D:2      | Found a faded altar of an unknown god.
  2704 | D:3      | Found a glowing drain.
  2707 | Sewer    | Entered a sewer
  3213 | Sewer    | Reached XP level 6. HP: 48/48 MP: 8/8
  3262 | Sewer    | Reached *** piety under Lugonu
  3262 | Sewer    | Reached skill level 4 in Axes
  3859 | D:3      | Reached XP level 7. HP: 53/55 MP: 10/10
  3902 | D:3      | Found a bloodstained altar of Trog.
  3906 | D:3      | Noticed Natasha
  3917 | D:3      | Killed Natasha
  3927 | D:3      | Noticed Natasha
  3937 | D:3      | Killed Natasha
  4174 | D:3      | Noticed Natasha
  4182 | D:3      | Killed Natasha
  4268 | D:3      | Reached skill level 5 in Axes
  4981 | D:4      | Reached skill level 5 in Fighting
  5298 | D:4      | Reached skill level 5 in Invocations
  5298 | D:4      | Reached XP level 8. HP: 54/62 MP: 11/11
  5369 | D:4      | Found a staircase to the Ecumenical Temple.
  5406 | D:4      | Reached skill level 6 in Axes
  5633 | D:4      | Found a hazy altar of Hepliaklqana.
  5737 | D:5      | Entered Level 5 of the Dungeon
  5785 | D:5      | Found an iron altar of Okawaru.
  5987 | D:5      | Found a glowing golden altar of the Shining One.
  5989 | D:5      | Found a shadowy altar of Dithmenos.
  6266 | D:5      | Found a hide-covered altar of Uskayaw.
  6347 | D:5      | Found a shimmering altar of Xom.
  6693 | D:6      | Reached skill level 5 in Armour
  7390 | D:6      | Found a sacrificial altar of Ru.
  7791 | D:6      | Reached **** piety under Lugonu
  8094 | D:7      | Reached XP level 9. HP: 38/69 MP: 13/13
  8255 | D:7      | Reached skill level 7 in Axes
  8734 | D:7      | Found a burning altar of Makhleb.
  8735 | D:7      | Found a stormy altar of Qazlal.
  9286 | D:7      | Noticed a hippogriff
  9287 | D:7      | Noticed Pikel
  9297 | D:7      | Killed Pikel
  9298 | D:7      | Killed a hippogriff
  9298 | D:7      | Reached skill level 8 in Axes
  9348 | D:7      | Found a blossoming altar of Fedhas.
  9732 | D:8      | Found an ornate altar of the Wu Jian Council.
  9776 | D:8      | Found a basalt altar of Yredelemnul.
  9782 | D:8      | Found a glowing golden altar of the Shining One.
  9831 | D:8      | Reached XP level 10. HP: 79/79 MP: 15/15
 10114 | D:8      | Found a radiant altar of Vehumet.
 10256 | D:8      | Noticed Psyche
 10263 | D:8      | Killed Psyche
 10263 | D:8      | Reached skill level 9 in Axes
 10494 | D:8      | Noticed a two-headed ogre
 10516 | D:8      | Killed a two-headed ogre
 11536 | D:8      | Found a shattered altar of Ashenzari.
 11703 | D:9      | Noticed a two-headed ogre
 11704 | D:9      | Noticed a two-headed ogre
 11738 | D:9      | Killed a two-headed ogre
 11738 | D:9      | Reached skill level 10 in Axes
 11738 | D:9      | Reached XP level 11. HP: 87/87 MP: 17/17
 12222 | D:9      | Found a staircase to the Orcish Mines.
 12620 | D:9      | Reached ***** piety under Lugonu
 12800 | D:9      | Found a bloodstained altar of Trog.
 12807 | D:9      | Noticed a wizard
 12810 | D:9      | Killed a wizard
 12901 | D:9      | Noticed a two-headed ogre
 12913 | D:9      | Killed a two-headed ogre
 13307 | D:9      | Noticed Erica
 13319 | D:9      | Killed Erica
 13377 | D:9      | Noticed Grum
 13386 | D:9      | Reached skill level 11 in Axes
 13433 | D:9      | Killed Grum
 14136 | D:10     | Entered Level 10 of the Dungeon
 14326 | D:10     | Found Ikhlih Udue's Antique Weapon Boutique.
 14334 | D:10     | Bought a glowing broad axe for 182 gold pieces
 14334 | D:10     | Bought a hand crossbow for 91 gold pieces
 14869 | D:10     | Got a jewelled war axe
 14870 | D:10     | Identified the +1 war axe "Erir" {chop, Fragile rElec Str+2 Int+9} (You found it on level 10 of the Dungeon)
 14890 | D:10     | Reached skill level 1 in Crossbows
 15316 | D:10     | Found a staircase to the Lair.
 15863 | D:11     | Noticed a two-headed ogre
 15873 | D:10     | Killed a two-headed ogre
 16368 | D:10     | Killed a two-headed ogre
 16368 | D:10     | Reached skill level 10 in Invocations
 16368 | D:10     | Reached XP level 12. HP: 58/96 MP: 19/19
 17316 | D:11     | Noticed a two-headed ogre
 17342 | D:11     | Reached skill level 1 in Shields
 17343 | D:11     | HP: 4/97 [two-headed ogre/giant club (22)]
 17351 | D:11     | Mangled by a two-headed ogre

Skill      XL: |  1  2  3  4  5  6  7  8  9 10 11 12 |
---------------+-------------------------------------+-----
Axes           | 3 4 5 6 8 10 11 | 11.8
Invocations    | 3 4 5 6 7 8 10 | 10.2
Armour         | 3 4 5 6 8 9 |  9.3
Fighting       | 4 5 6 7 8 9 |  9.7
Crossbows      | 2 |  2.5
Shields        | 1 |  1.0
Dodging        | |  0.8

Action                   |  1- 3 |  4- 6 |  7- 9 | 10-12 || total
-------------------------+-------+-------+-------+-------++-------
Melee: Hand axe          |   114 |   304 |   419 |       ||   837
       War axe           |       |       |    47 |   384 ||   431
       Battleaxe         |       |       |     1 |       ||     1
Throw: Stone             |       |     7 |       |       ||     7
       Javelin           |       |       |    17 |    14 ||    31
Invok: Depart the Abyss  |     1 |       |       |       ||     1
 Abil: Dig               |     1 |     1 |     1 |       ||     3
Evoke: Wand              |       |       |       |    11 ||    11
  Use: Scroll            |     4 |    10 |     9 |     6 ||    29
       Potion            |       |     4 |     3 |     6 ||    13
 Stab: Distracted        |       |     1 |       |       ||     1
       Paralysed         |       |       |       |     4 ||     4
  Eat: Chunk             |     1 |    15 |    19 |    24 ||    59
       Ration            |       |     1 |       |       ||     1
Armor: Chain mail        |    64 |   128 |   196 |   168 ||   556
       Skin              |       |    42 |       |    65 ||   107
Dodge: Dodged            |    66 |   159 |   193 |   227 ||   645
       Deflected         |       |       |       |    14 ||    14
Block: Buckler           |       |       |       |     2 ||     2
